Workbook
Name AÑO: [1]Hoja1!$G$4:$G$23
Name Cumplimiento: [2]Hoja2!$B$2:$B$3
Name DIA: [1]Hoja1!$E$4:$E$35
Name ESTADO: [3]Hoja2!$B$3:$B$6
Name FECHA: [4]Hoja1!$E$4:$G$16,[4]Hoja1!$E$17:$E$35,[4]Hoja1!$G$17:$G$23
Name LOCAL: [1]SUBDIRECIONES!$A$3:$A$18
Name MES: [1]Hoja1!$F$4:$F$16
Name OBSERVACION: [3]Hoja2!$D$3:$D$5

Sheet FCTI COMPONENTE TECN-CENTRO DIA
E2: PROCESO GESTION DE BIENES Y SERVICIOS FORMATO DE CALIFICACIÓN TÉCNICA DE INMUEBLES (COMPONENTE URBANÍSTICO Y DE INFRAESTRUCTURA) - CENTROS DÍA -
B7: 1. OBJETIVO: Verificar la infraestructura ofertada por el proponente , mediante una visita de inspección ocular a la edificación y determinar si es APTA o NO para prestar los servicios que ofrece la Secretaría Distrital de Integración Social.
B9: PARTE I INFORMACIÓN GENERAL DEL PREDIO
B10: PROPONENTE: | E10: No. DE PROCESO: | H10: CAPACIDAD MÍNIMA DEL PLIEGO: | K10: PROYECTO:
B11: FECHA DE DILIGENCIAMIENTO: | E11: LOCALIDAD: | H11: BARRIO: | K11: MODALIDAD:
B12: DIRECCIÓN: | H12: CHIP: | K12: SECTOR CATASTRAL:
B13: TELÉFONO: | E13: TIPO DE CLIMA: | H13: USO ACTUAL: | K13: MATRICULA INMOBILIARIA:
B15: 2. PARAMETROS URBANISTICOS
B17: ITEM | C17: ESPACIO | E17: DESCRIPCION | H17: REQUISITO MÌNIMO | I17: REQUISITO NECESARIO | J17: CUMPLIMIENTO | L17: N/A | M17: OBSERVACIONES
J18: SI | K18: NO
B19: 2.1. | C19: Esquema básico de los espacios ofertados | E19: "Deben presentarse en el momento de la visita los planos arquitectónicos básicos (pueden ser solo las plantas), en formato DWG preferiblemente en version 2016 o anterior a esta. Especificando de manera clara y legible el nombre y las medidas de los espacios propuestos, con el fin de verificar la capacidad de usuarios en cumplimiento del estándar establecido. Al momento de la visita deben ser presentados en fisico, teniendo en cuenta que al finalizar, el proponente firmara a modo de aceptacion los espacios y areas expuestos." | H19: X
B20: 2.2. | C20: Certificado de Riesgos | E20: Para este proceso es válido el concepto emitido por la página oficial de la secretaria Distrital de Planeación - SINUPOT, mediante el cual conste que el predio no se encuentra en zona de amenaza alta. | H20: X
B21: 2.3 | C21: Concepto de uso del suelo | E21: El oferente deberá presentar el concepto de uso del suelo expedido por la Secretaría Distrital de Planeación, SINUPOT o Curaduría Urbana, donde conste que de acuerdo con la norma urbanística vigente se permite uno de los siguientes usos: a. Dotacional equipamiento colectivo de bienestar social. b. dotacional equipamiento colectivo. c. Institucional clase I o II | H21: x
B22: 2.4 | C22: Distancia del inmueble respecto de Líneas de transmisión eléctrica de alta tensión | E22: Si se evidencian redes eléctricas con líneas de alta y extra alta tensión, se evaluarán de acuerdo con el anexo general del Reglamento Técnico de Instalaciones Eléctricas (RETIE) vigente, “...cumplir con el ancho de la zona de Servidumbre de líneas de transmisión para líneas de alta y extra alta tensión de las Tablas 13,1 y 22.1”. En dado caso de ser líneas de media tensión se deberán garantizar las distancias mínimas de seguridad respecto a las construcciones según lo expuesto en el RETIE. | H22: x
B23: 2.5 | C23: Recibos de servicios públicos domiciliarios y certificaciones | E23: El oferente deberá presentar los recibos de servicios públicos de energía eléctrica, acueducto y alcantarillado. | H23: x
E24: Se deberá aportar el recibo de gas natural en caso que el predio cuente con este servicio junto con los certificados de lavado de tanques y fumigación y control el de plagas vigente. | I24: x
B26: PARTE II INFORMACIÓN TECNICA DEL PREDIO
B28: 3. AFECTACIONES
B29: 3.1. AMENAZAS NATURALES
B30: No. | C30: AMENAZA
B32: 3.1.1. | C32: Remoción en masa
B33: 3.1.2. | C33: Inundación
B34: 3.1.3. | C34: Redes de Energia (Requisito mínimo)
B36: 4. DIAGNOSTICO TÉCNICO
B37: 4.1 UPZ | H37: 4.2 SECTOR NORMATIVO
B38: 4.3 TRATAMIENTO SEGÚN UPZ | H38: 4.4 ÁREA DE ACTIVIDAD
B39: 4.5 ZONA | H39: 4.6 USOS DOTACIONALES DE BIENESTAR SOCIAL PERMITIDOS (D. 120 DE 2018)
B40: 4.7 CLASIFICACIÓN DE ESCALA DEL EQUIPAMIENTO OBJETO DEL ESTUDIO
B42: 4.8 LOCALIZACIÓN
B46: Fuente:
B48: PARTE III CARACTERISTICAS ESPACIOS FISICOS
B50: 5. CUADRO DE AREAS (M2)
B51: No. | C51: ASPECTO | K51: M2 | M51: UNIDAD
B53: 5.1. | C53: Areas de construcción | E53: AREA CONTRUIDA TOTAL PARA LA PRESTACIÒN DEL SERVICIO (CATASTRAL) | M53: M2
B55: 6. ASPECTOS GENERALES - OBSERVACIONES DEL ESTADO ACTUAL DE LA EDIFICACION
B57: ITEM | C57: DESCRIPCION | H57: REQUISITO MÌNIMO | I57: REQUISITO NECESARIO | J57: CUMPLIMIENTO | L57: N/A | M57: CANTIDAD
J58: SI | K58: NO
B59: 6.1 | C59: El inmueble cuenta con servicio de acueducto y alcantarillado y deberá garantizar la prestación de dicho servicio en la Unidad Operativa de manera ininterrumpida. | H59: x
B60: 6.2 | C60: El inmueble cuenta con tanque(s) de almacenamiento de agua aéreo o subterráneo conectado directamente al sistema de cocina y baños para garantizar su permanente circulación. Durante la prestación del servicio se debe garantizar el suministro de agua potable permanentemente a la población atendida mediante tanques de almacenamiento y reserva. | H60: x
B61: 6.3 | C61: El inmueble cuenta con servicio de energía eléctrica y deberá garantizar la prestación de dicho servicio en la Unidad Operativa de manera ininterrumpida | H61: x
B62: 6.4 | C62: El inmueble cuenta con servicio de gas y deberá garantizar la prestación de dicho servicio en la Unidad Operativa de manera ininterrumpida | I62: x
B63: 6.5 | C63: El inmueble cuenta con sistema de motobombas funcional, en buen estado y con un programa de mantenimiento (en caso de que existan) | I63: x
B64: 6.6 | C64: EL inmueble cuenta con calderas o calderines funcional, en buen estado y con un programa de mantenimiento (en caso de que existan) | I64: x
B65: 6.7 | C65: El inmueble cuenta con Redes de Deteccion de incendio (NFPA 72, NFPA 101 Y NSR10) | I65: x
B66: 6.8 | C66: El inmueble NO se encuentra continuo a zonas de almacenamiento de combustibles | H66: x
B67: 6.9 | C67: El inmueble NO se encuentra afectado por su cercanía a focos de contaminación (Rellenos sanitarios, botaderos, plazas de mercado) | H67: x
B68: 6.1 | C68: Los cerramientos o muros que delimitan la planta física con las viviendas vecinas y exteriores impiden el acceso de extraños | H68: x
B69: 6.11 | C69: La instalación eléctrica se encuentra en buen estado y funcionando | H69: x
B71: 7. PROGRAMA ARQUITECTONICO Y CARACTERISTICAS DE ESPACIOS
B73: ITEM | C73: DESCRIPCION | H73: REQUISITO MÌNIMO | I73: REQUISITO NECESARIO | J73: CUMPLIMIENTO | L73: N/A | M73: CANTIDAD
J74: SI | K74: NO
B75: 7.1 | C75: Acceso El predio cuenta con acceso independiente para la prestación del Servicio. | H75: x
B76: 7.2 | C76: Uso Exclusivo Las áreas ofertadas por el proponente serán determinadas en los planos presentados dentro de la propuesta, las cuales serán visitadas y avaladas por la Subdirección de Plantas físicas y deberán ser de uso exclusivo para la prestación del servicio a las personas mayores. Nota: El inmueble podrá compartir algunos de los siguientes espacios con otros servicios de la Secretaría de integración Social: Cocina, espacios para realizar actividades al aire libre, lavandería y espacios físicos no mínimos ofertados. Para avalar los espacios compartidos, el inmueble debe contar el área mínima para atender a todos los participantes, sumando propios del servicio y externos, según lo solicitado en el presente anexo técnico, y garantizar la dotación mínima exclusiva que se usen en estos espacios exclusiva para los participantes del servicio. En caso que se comparta estos espacios, el asociado deberá presentar a la supervisión o interventoría un protocolo que regule el modo de uso de cada uno de estos espacios donde especifique como va a garantizar el uso exclusivo para las personas mayores durante la prestación de servicio y cómo va a garantizar el correcto uso del espacio para la prestación del servicio. La supervisión o interventoría podrá solicitar modificación a los protocolos si lo considera pertinente. Y deberá garantizar el área para el uso de la totalidad de la población , incluyendo los otros participantes, de acuerdo al presente anexo técnico | H76: x
B78: 7.3 | C78: Confort Independientemente del clima donde se localice el inmueble objeto de prestación del servicio, deberá brindar las mejores condiciones de temperatura, humedad, ventilación, entre otras, garantizando la salud, bienestar y seguridad de los usuarios. | H78: x
B79: 7.4 | C79: Accesibilidad, Señalizacion y señaletica
B80: 7,4,1 | C80: Si el inmueble cuenta con ascensor, El ascensor está debidamente certificado por la autoridad competente (ONAC) | I80: x
B81: 7,4,2 | C81: Todos los espacios de la unidad operativa se encuentran con señalización y señalética de evacuacion y seguridad | I81: x
B82: 7,4,3 | C82: Todos los espacios de la unidad operativa se encuentran con señalización y señalética informativa | I82: x
B83: 7,4,4 | C83: Todas las áreas habitables tendrán una altura mínima de 2.05 m de altura. | H83: x
B84: 7.5 | C84: Pasillos y corredores
B85: 7,5,1 | C85: Todos los corredores y pasillos se encuentran debidamente señalizados | I85: x
B86: 7,5,2 | C86: El ancho de la circulación de los corredores y pasillos es constante y deben tener un ancho mínimo no obstruido de 0.90 m. Dentro de ese espacio no se podrán ubicar elementos que lo invadan (ejemplo: luminarias, carteles, equipamiento, partes propias del edificio o de instalaciones). | H86: x
B87: 7,5,3 | C87: Los pasillos y corredores estarán libres de obstáculos en todo su ancho mínimo y desde su píso hasta un plano paralelo a él ubicado a 2,05 m de altura. Dentro de ese espacio no se podrá ubicar elementos que lo invadan (ejemplo: luminarias, carteles, equipamiento, partes propias del edificio o de instalaciones). | H87: x
B88: 7,5,4 | C88: Los pavimentos de corredores y pasillos serán firmes, antideslizante y sin accidentes. | I88: x
B89: 7,5,5 | C89: Todas las circulaciones tienen pasamanos a ambos costados a 90 cm de altura. | I89: x
B90: 7.6 | C90: Rampas
B91: 7,6,1 | C91: El pavimento de las rampas deberá ser firme, antideslizante y sin accidentes | H91: x
B92: 7,6,2 | C92: El espacio de recorrido de la rampa esta libre de elementos que la ínvadan (ejemplo: luminarias, carteles, equipamientos) | I92: x
B93: 7,6,3 | C93: Al comenzar y finalizar una rampa debe existir una superficie de aproximación que permita inscribir un circulo de 1,20 m de diámetro como mínímo, que no deberá ser invadida por elementos fijos, móviles o desplazables o por el barrido de puertas | H93: x
B94: 7,6,4 | C94: El ancho mínimo libre de las rampas es de 0,90 m. Las rampas que no accedan a zonas comunes deberán tener un ancho mínimo de 0.90 m | H94: x
B95: 7,6,5 | C95: Las rampas que salven desniveles superiores a 0,25 m deberán llevar pasamanos | I95: x
B96: 7,6,6 | C96: Las rampas tienen pasamanos a ambos lados que cumplan, continuos en todo su recorrido y con prolongaciones horizontales mayores de 30 cm al comienzo y al final | I96: x
B97: 7,6,7 | C97: Las rampas tienen pasamanos a 90 cm de altura y otro a 70 cm de altura. (Las alturas se miden verticalmente desde la arista exterior (virtual) de la rampa, con tolerancias de 5 cm). | I97: x
B98: 7,6,8 | C98: Todos los espacios de circulacion que presenten cambios de nivel superiores a 0.10 m, cuentan con bordillos | I98: x
B99: 7,6,9 | C99: Debera contar con elementos de transicion (rampas) para acceder internamente de un espacio a otro de la Unidad Operativa (Si aplica) | I99: x
B100: 7.7 | C100: Escaleras
B101: 7,7,1 | C101: Las escaleras deben estables, no pueden ser de estructura de madera ni tipo caracol | H101: x
B102: 7,7,2 | C102: Las escaleras internas de la edificación deben tener un ancho mínimo no obstruido de 0.90 mts | H102: x
B103: 7,7,3 | C103: La contrahuella debe tener una altura menor o igual a 18 cm | H103: x
B104: 7,7,4 | C104: Los pisos deben ser antideslizantes. sin relieves en su superficie, con las puntas diferenciadas visualmente. | I104: x
B105: 7,7,5 | C105: Los inicios de escaleras, finales de escaleras y escalones aislados, deberán presentar textura. Color e iluminación que los diferencie del pavimento general. | I105: x
B106: 7,7,6 | C106: Las escaleras estan debidamente señalizadas. | I106: x
B107: 7,7,7 | C107: Las escaleras tienen pasamanos a ambos lados, firmes, continuos en todo su recorrido y con prolongaciones horizontales mayores de 30 cm al comienzo y al final | I107: x
B108: 7,7,8 | C108: Las escaleras tienen pasamanos a 90 cm de altura (Las alturas se miden verticalmente desde la arista exterior (virtual) de la escalera, con tolerancias del: 5 cm). | I108: x
B109: 7,7,9 | C109: Los extremos de los pasamanos son curvados a manera de evitar el punzonado o eventuales enganches | I109: x
B110: 7,7,10 | C110: Proteccion con barandas en zonas de circulacion y zonas comunes que puedan evitar riesgo de caida durante su transito | I110: x
B111: 7.8 | C111: Puertas en General
B112: 7,8,1 | C112: Las puertas están en buen estado, libres de grietas y defectos que dificulten su limpieza y desinfección | I112: x
B113: 7,8,2 | C113: La altura libre mínima de puertas en espacios habitables de la puerta es 1.90 m | H113: x
B114: 7,8,3 | C114: Las puertas o divisiones deben ser visibles. Si son de material transparente tienen franjas de cintas demarcadoras a una altura de 1.00m con un ancho de 0.20m. | I114: x
B115: 7,8,4 | C115: En puertas corredizas, los rieles o guías inferiores están a nivel de piso sin generar riesgo de tropiezo | I115: x
B116: 7,8,5 | C116: Las cerraduras están en buen estado de funcionamiento, no presentan filos o bordes, y son de fácil uso para las personas mayores. | I116: x
B117: 7.9 | C117: Ventanas y vidrios en general
B118: 7,9,1 | C118: Los vidrios están en buen estado: completos, sin roturas, vencimientos y asegurados firmemente al marco que los soporta | I118: x
B119: 7,9,2 | C119: La altura de antepechos es mayor o igual a 0.80m. Si este no fuera el caso, cuenta con un suplemento como barandas, rejas u otro (con sus respectivos pasamanos) que cumple con esta altura. | I119: x
B120: 7,9,3 | C120: Todos los vidrios y/o espejos de la institución son laminados, templados o tienen película de seguridad o similar completa. | I120: x
B121: 7,9,4 | C121: Los materiales de frágil resistencia (claraboyas, marquesinas, lámparas) tienen elementos de protección a los efectos causados por el rompimiento de los mismos. | I121: x
B122: 7.1 | C122: Muros, Pisos y techos en zonas comunes
B123: 7,10,1 | C123: En espacios donde habitan las personas mayores, los muros cuentan con bordes y esquinas redondeados o protegidos con esquineros de fácil limpieza y desinfección | I123: x
B124: 7,10,2 | C124: Los biseles o pirlanes están fijos y al nivel del piso. | I124: x
...

Sheet FCTI COMPONENTE JURI-CENTRO DIA
F2: PROCESO GESTION DE BIENES Y SERVICIOS FORMATO CALIFICACION TECNICA DE INMUEBLES (COMPONENTE JURIDICO)
B7: PARTE I INFORMACIÓN GENERAL DEL PREDIO
B8: NOMBRE DEL PROPONENTE: | O8: N° PROCESO
B9: FECHA DE DILIGENCIAMIENTO: | F9: LOCALIDAD: | L9: MATRICULA INMOBILIARIA
B10: DIRECCIÓN: | M10: CHIP
B12: PARTE II
B14: 8.1. INFORMACIÓN JURIDICA DEL PREDIO
S16: CUENTA CON EL DOCUMENTO | U16: NATURALEZA DEL PREDIO
B17: No. | C17: ASPECTO | F17: CONDICIÓN | S17: SI | T17: NO | U17: PUBLICO | V17: PRIVADO
C19: Certificado de Tradición y libertad o Folio de Matricula Inmobiliaria | F19: Los oferentes deberán presentar con su propuesta el CERTIFICADO DE TRADICIÓN Y LIBERTAD documento expedido por la Oficina de Registro de Instrumentos Públicos, con fecha no mayor a un (1) mes de expedición. De la revisión del mismo se debe concluir si el inmueble es de propiedad de un privado o por el contrario es de propiedad del Distrito Capital. En el evento de pertenecer al Distrito Capital no se reconocerá el pago del rubro asignado para espacio físico funcional, de la estructura de costos, si la infraestructura o construcción propuesta se localiza en más de un predio debe presentarse el certificado de tradición y libertad por cada uno de los predios | W19: QUE EL OFERENTE NO APORTO EL CERTIFICADO DE TRADICION Y NLIBERTAD VIGENTE
C21: Certtificado catastral o impuesto predial | F21: Los oferentes deberán presentar con su propuesta el certificado catastral o boletín de nomenclatura expedido por la Unidad Administrativa Especial de Catastro Distrital (UAECD) o la que haga sus veces en los municipios para cada inmueble presentado, documento por medio del cual la autoridad catastral hace constar la inscripción del predio o mejora, sus características y condiciones , según la base de datos catastral ; en caso de no contar con el respectivo documento se podrá anexar copia del pago del impuesto predial donde conste claramente los siguientes datos del predio: código catastral, CHIP y dirección actual, area de terreno, area construcida.
B22: 5.2. VERIFICACIÓN DE LA INSTALACIÓN ELÉCTRICA
B24: No. | C24: ASPECTO | F24: CONDICIÓN | S24: SI | V24: NO
B26: 5.2.1 | C26: Instalaciones eléctricas | F26: La instalación eléctrica se encuentra en buen estado y funcionando (Requisito mínimo)
B27: 5.2.2 | C27: Información sobre la cuenta | F27: DATOS
F28: Número de cuenta de cliente según factura:
F29: Carga aprobada/aforada según factura (kW):
B32: PARTE VI CARACTERISTICAS PARTICULARES DEL SERVICIO A IMPLEMENTAR
B34: 6.1. REQUERIMIENTOS GENERALES PARA EL FUNCIONAMIENTO DE UN SERVICIO SOCIAL DE LA SECRETARIA DISTRITAL DE INTEGRACION SOCIAL
B36: ITEM | C36: ELEMENTO | F36: DESCRIPCIÓN ACTIVIDAD | S36: SI | V36: NO
B38: 6.1.1 | C38: Accesibilidad, señalizacion y señaletica | F38: Rampas de acceso o medios alternativos mecanicos para el ingreso a los espacios de la unidad operativa
F39: Todos los espacion de la unidad operativa se encuentran con señalizacion y señaletica
B40: 6.1.2 | C40: Iluminación y ventilación | F40: El inmueble cuenta con adecuada ventilacion (Requisito mínimo)
F41: El inmueble cuenta con adecuada Iluminacion (Requisito mínimo)
F42: El inmueble cuenta con adecuada circulación de aire de la cocina protegidas con mallas de materal no corrosivo (angeo)
F43: Los baños del inmueble no podrán compartir una ventana para ventilación con la cocina. En ningún caso deberán existir ventilación cruzada entre baños y cocina
F44: Las lámparas protegidas para evitar el riesgo de contaminación física en caso de ruptura accidental de las bombillas
B45: 6.1.3 | C45: Escaleras (en caso de que existan) | F45: Las escaleras estables (Requisito mínimo)
F46: Cinta antideslizante en los escalones de la escalera.
F47: Pasamanos de escaleras a una altura de +-90 cm.
F48: Proteccion con barandas en zonas de circulacion y zonas comunes que puedan evitar riesgo de caida durante su transito
B49: 6.1.4 | C49: Ventanería | F49: Marcos de ventana en buen estado sin oxido o elementos sueltos.
F50: Vidrios de ventanas con películas de seguridad
B51: 6.1.5 | C51: Puertas | F51: Puerta de cocina y despensa metalica
F52: Suplementos para reducir las aberturas entre las puertas y los pisos las cuales deben ser menores a un centímetro
F53: Puertas de baños en buen estado
B54: 6.1.6 | C54: Cocina y despensa | F54: La cocina cuenta con sifòn y rejilla para la evacuaciòn de residuos lìquidos en el piso (Requisito mínimo)
F55: Los acabados de piso en cocina y despensa son en baldosa y se encuentran en buen estado, sin fracturas ni vencimientos y debidamente emboquillados
F56: Los muros de cocina y despensa son en baldosa o pintura epoxica permitiendo la facil limpieza y desinfeccion
F57: El acabado de cielo raso de cocina y despensa cuenta con un acabado que permita la facil limpieza y desinfeccion.
F58: La cocina y despensa cuentan con media caña en las uniones piso-muro y muro-muro
F59: Los muros de mesones para manipulacion de comida y estructuras de almacenamiento de comida estan con superficies de facil limpieza y desinfeccion
F60: Existe protección en las instalaciones electricas (tomacorrientes) en cocina y despensa
F61: Los aparatos de iluminacion estan protegidos para evitar contaminación
B62: 6.1.7 | C62: Comedor (zona de servido) | F62: Cuenta con adecuada ventilacion (Requisito mínimo)
F63: cuanta con adecuada iluminacion (Requisito mínimo)
F64: paredes y pisos con superficies de facil limpieza y desinfeccion
F65: Techos y cielos rasos con superficies que permital la facil limpiexza y desinfeccion
B66: 6.1.8 | C66: Baños | F66: Cuenta con baños que permitan el ingreso y uso de todo tipo de ususarios
F67: Cuenta con baterias sanitarias en buen estado (lavamanos e inhodoro) (Requisito mínimo)
F68: Cuenta con barandas o apoyos en baños
F69: paredes y pisos con superficies de facil limpieza y desinfeccion
F70: Techos y cielos rasos con superficies que permital la facil limpiexza y desinfeccion
B71: 6.1.9 | C71: Cuarto de almacenamiento temporal de residuos | F71: Cuarto de almacenamiento temporal de residuos o unidad movil de almacenamiento central de residuos (Requisito mínimo)
F72: El cuarto de basuras o la unidad movil de almacanamiento es hermetico, evitando el acceso y proliferacion de vectores, insectos, roedores, animales domesticos y suciedad
F73: El area o espacio debe tener paredes y pisos con superficies de facil limpieza y desinfeccion
F74: En caso de tener cuarto de basuras cuanta con punto hidraulico y desague cercano
F75: El cuarto de basuras o unidad movil de almacenamiento cuenta con adecuada ventilacion
F76: La ubicación del cuarto de basuras o unidad movil de almacenamiento central de residuos esta aislada del sitio de preparacion y almacenamiento de alimentos evitando riesgos de contaminacion
F77: El area del cuarto de basuras o unidad movil de almacenamiento central de residuos es suficiente para contener las canecas de almacenamiento de residuos sólidos (Requisito mínimo)
B78: 6.1.10 | C78: Tanque de agua | F78: La edificacion cuenta con tanque de almacenamiento de agua en material diferente a asbesto cemento (Requisito mínimo)
F79: El o los tanques de almacenamiento de agua estan debidamente protegidos con tapa que permita el ingreso para su lavado (Requisito mínimo)
F80: El o los tanques de almacenamiento de agua estan ubicados en áreas de la edificación que permitan acceso para su lavado y desinfección (Requisito mínimo)
F81: El o los tanques de almacenamiento de agua estan conectados como mínimo con las redes de suministro de agua en cocina y baños (Requisito mínimo)
F82: El o los tanques de almacenamiento de agua estan debidamente impermeabilizados y protegidos de infiltraciones de agua.
F83: Cuenta con certificado de lavado de tanque con una vigencia de 6 meses según lo exigido en el Decreto 1575 de 2007 y Resolución 2115 de 2007, que se incluye en el Plan de Saneamiento Básico
B84: 6.1.11 | C84: Cielo rasos | F84: En zonas de servicios como cocina, alacena, baños, comedor y cuarto de primero auxilios debe contar con superficies lisas, de fácil limpieza y desinfección (En madera no se acepta)
B85: 6.1.12 | C85: Muros | F85: las superficies de muros son lisas permitiendo su facil limpieza y desinfeccion
F86: los muros estan libres de humedades
B87: 6.1.13 | C87: Pisos | F87: Pisos antideslizantes o cintas antideslizantes en todas las zonas de la unidad operativa
F88: Los pisos de todo el inmueble no deben tener desniveles o tropezones que generen riesgo para los usuarios. En caso de existir deben ser corregidos nivelando el piso o con rampas antideslizantes con pasamanos.
F89: Pisos en buen estado sin fracturas que generen riesgos para participantes y funcionarios
F90: Las rejillas, limpia pies y otros elementos colocados en el piso deben estar firmemente asegurados a éste
B91: 6.1.14 | C91: Pintura | F91: Pintura en muros y techos libres de humedad
F92: Pintura en muros y techos en general en buen estado
F93: Pintura epóxica en areas no enchapadas de zonas húmedas (cocina, despensa, baños)
B94: 6.1.15 | C94: Otros | F94: Si la edificacion cuenta con servicio de gas propano, el lugar de la ubicación de las pipetas es aislado, ventilado y protegido de personas o agentes extraños que puedan causar indebida manipulación (Requisito mínimo)
B97: NOTA 1: El diligenciamiento de este formato se realiza por medio de una inspeccion ocular. La estabilidad estructural de la edificacion es responsabilidad del oferente
B99: PARTE VIII
B101: 7.1. OBSERVACIONES FINALES
B106: 7.2. CONCLUSION FINAL
B108: Propiedad del Distrito SI ____ NO ___
B109: Carta de compromiso de Arriendo SI___ NO___
B112: 7.3. FIRMA DE PROFESIONAL RESPONSABLE Y FECHA DE ELABORACION
B113: NOMBRE | J113: FIRMA | Q113: TARJETA PROFESIONAL

Sheet REGISTRO FOTOGRAFICO
F2: SECRETARIA DISTRITAL DE INTEGRACION SOCIAL DIRECCION DE GESTION CORPORATIVA SUBDIRECCION DE PLANTAS FISICAS FORMATO CALIFICACION TECNICA DE INMUEBLES | O2: IDENTIFICACION
O3: PROYECTO : | Q3: =+'FCTI COMPONENTE TECN-CENTRO DIA'!L10:M10 -> #VALUE!
O4: PROCESO COMPETITIVO: | Q4: =+'FCTI COMPONENTE TECN-CENTRO DIA'!F10:G10 -> #VALUE!
O5: NOMBRE PROPONENTE | Q5: =+'FCTI COMPONENTE TECN-CENTRO DIA'!D10 -> 0
O6: DIRECCION DEL PREDIO | Q6: =+'FCTI COMPONENTE TECN-CENTRO DIA'!D12:G12 -> #VALUE!
B8: PARTE V
B9: 11. REGISTRO FOTOGRAFICO ANEXO
B11: 13.1. FECHA ELABORACIÓN: | F11: =+'FCTI COMPONENTE TECN-CENTRO DIA'!D11 -> 0 | J11: 13.2. NOMBRE PREDIO O PROYECTO: | O11: =+'FCTI COMPONENTE TECN-CENTRO DIA'!L10:M10 -> #VALUE!
B12: 13.3 LOCALIDAD | F12: =+'FCTI COMPONENTE TECN-CENTRO DIA'!F11:G11 -> 0 | J12: 13.4. CHIP | O12: =+'FCTI COMPONENTE TECN-CENTRO DIA'!I12:J12 -> #VALUE!
B19: DESCRIPCIÓN: | K19: DESCRIPCIÓN:
B26: DESCRIPCIÓN: | K26: DESCRIPCIÓN:
B33: DESCRIPCIÓN: | K33: DESCRIPCIÓN:
B40: DESCRIPCIÓN: | K40: DESCRIPCIÓN:

Sheet PLANOS
F2: SECRETARIA DISTRITAL DE INTEGRACION SOCIAL DIRECCION DE GESTION CORPORATIVA SUBDIRECCION DE PLANTAS FISICAS FORMATO CALIFICACION TECNICA DE INMUEBLES | O2: IDENTIFICACION
O3: PROYECTO : | Q3: =+'FCTI COMPONENTE TECN-CENTRO DIA'!L10:M10 -> #VALUE!
O4: PROCESO COMPETITIVO: | Q4: =+'FCTI COMPONENTE TECN-CENTRO DIA'!F10:G10 -> #VALUE!
O5: NOMBRE PROPONENTE | Q5: =+'FCTI COMPONENTE TECN-CENTRO DIA'!D10 -> 0
O6: DIRECCION DEL PREDIO | Q6: =+'FCTI COMPONENTE TECN-CENTRO DIA'!D12:G12 -> #VALUE!
B8: PARTE VI
B9: 12. PLANOS
B11: 13.1. FECHA ELABORACIÓN: | F11: =+'FCTI COMPONENTE TECN-CENTRO DIA'!D11 -> 0 | J11: 13.2. NOMBRE PREDIO O PROYECTO: | O11: =+'FCTI COMPONENTE TECN-CENTRO DIA'!L10:M10 -> #VALUE!
B12: 13.3 LOCALIDAD | F12: =+'FCTI COMPONENTE TECN-CENTRO DIA'!F11:G11 -> 0 | J12: 13.4. CHIP | O12: =+'FCTI COMPONENTE TECN-CENTRO DIA'!I12:J12 -> #VALUE!

Sheet Hoja4
D2: PROCESO GESTION DE BIENES Y SERVICIOS FORMATO CALIFICACION TECNICA DE INMUEBLES (COMPONENTE URBANISTICO E INFRAESTRUCTURA) PARA SERVICIO DE VEJEZ EN LA MODALIDAD DE CENTROS DE PROTECCIÓN SOCIAL ADULTO MAYOR (MODALIDAD SEVEROS - MODERADOS) - CENTROS DÍA - CENTROS DÍA Y NOCHE
A7: 1. OBJETIVO: Verificar la infraestructura ofertada por el proponente , mediante una visita de inspección ocular a la edificación y determinar si es APTA o NO para prestar los servicios que ofrece la Secretaría Distrital de Integración Social.
A9: PARTE I INFORMACIÓN GENERAL DEL PREDIO
A10: PROPONENTE: | D10: No. DE PROCESO:
A11: FECHA DE DILIGENCIAMIENTO: | D11: LOCALIDAD:
A12: DIRECCIÓN:
A13: TELÉFONO: | D13: TIPO DE CLIMA:
A15: 2. PARAMETROS URBANISTICOS
A17: No. | B17: ASPECTO | J17: SI | K17: NO | L17: OBSERVACIONES
A19: 2.1. | B19: Esquema básico de los espacios ofertados (Requisito mínimo)
A20: 2.2. | B20: Licencia de Construccion
A21: 2.3. | B21: Concepto de uso del suelo (Requisito mínimo)
A23: PARTE II INFORMACIÓN TECNICA DEL PREDIO
A25: 3. AFECTACIONES
A26: 3.1. AMENAZAS NATURALES
A27: No. | B27: AMENAZA
A29: 3.1.1. | B29: Remoción en masa
A30: 3.1.2. | B30: Inundación
A31: 3.1.3. | B31: Redes de Energia (Requisito mínimo)
A33: 4. DIAGNOSTICO TÉCNICO
A35: 4.1 UPZ | G35: 4.2 SECTOR NORMATIVO | J35: N/A
A36: 4.3 TRATAMIENTO SEGÚN UPZ | G36: 4.4 ÁREA DE ACTIVIDAD | J36: N/A
A37: 4.5 ZONA | G37: 4.6 USOS DOTACIONALES DE BIENESTAR SOCIAL PERMITIDOS (D. 120 DE 2018) | J37: N/A
A38: 4.7 CLASIFICACIÓN DE ESCALA DEL EQUIPAMIENTO OBJETO DEL ESTUDIO | G38: N/A
A40: 4.8 LOCALIZACIÓN
A45: Fuente: | B45: https://www.google.com/maps/place/4%C2%B029'09.1%22N+74%C2%B022'39.3%22W/@4.4858498,-74.3797752,1152m/data=!3m2!1e3!4b1!4m5!3m4!1s0x0:0x0!8m2!3d4.4858498!4d-74.3775865?hl=es
A47: PARTE III CARACTERISTICAS ESPACIOS FISICOS
A49: 5. CUADRO DE AREAS (M2)
A50: No. | B50: ASPECTO | J50: M2 | L50: UNIDAD
A52: 5.1. | B52: Areas de construcción | J52: 1360 | L52: M2
A53: NOTA: CUANDO EL SERVICIO SE PRESTE EN ÀREAS PARCIALES SE DEBERÀ DISCRIMINAR EL ÀREA POR PISO
